Unix NetHack Version 5.0.0-0 post-release - last build May 17 2026 04:57:42 (dc50c8380fa5e20985bfe3072449f57b8d9895ef,branch:main).

Game began 2026-05-18 02:51:36, ended 2026-05-18 03:06:35.

Brudee, chaotic female human Monk

                                $                                        $






                $



                                                                 $         ##
                                                                      ------@-
                                                                      |.....@|
                                                                      |((.(((|
                                             $                        |.((.((|
                                                                      --------
                                                            $    $

Brudee the Novice               St:15 Dx:13 Co:15 In:9 Wi:15 Ch:9  Chaotic S:588
Dlvl:7  $:0  HP:0(32) Pw:14(14) AC:3  Xp:3/67 T:1903 

Latest messages:
 "For you, esteemed lady; only 178 zorkmids for this scroll labeled KO BATE."
 k - a scroll labeled KO BATE (unpaid, 178 zorkmids).
 "For you, good lady; only 133 zorkmids for this bag."
 r - an empty bag (unpaid, 133 zorkmids).
 "For you, esteemed lady; only 13 zorkmids for this key."
 Y - a key (unpaid, 13 zorkmids).
 "For you, most gracious lady; only 13 zorkmids for this whistle."
 v - a whistle (unpaid, 13 zorkmids).
 What do you want to read? [cikLMUWX or ?*] ?
 As you read the scroll, it disappears.
 You feel very greedy, and sense gold!
 (For instructions type a '?')
 Done.
 What do you want to zap? [j or ?*] ?
 What do you want to zap? [j or ?*] <space>
 Never mind.
 What do you want to put on? [muK or ?*] ?
 What do you want to put on? [muK or ?*] <space>
 Never mind.
 What do you want to wear? [S or ?*] S
 You finish your dressing maneuver.
 You feel yourself speed up a bit more.
 You see here a credit card (for sale, 13 zorkmids).
 What do you want to zap? [j or ?*] ?
 What do you want to zap? [j or ?*] <space>
 Never mind.
 In what direction? u
 The door resists!
 In what direction? u
 The door resists!
 In what direction? u
 The door closes.
 In what direction? u
 Whammm!!
 In what direction? u
 As you kick the door, it crashes open!
 "How dare you break my door?"
 Dark Eery zaps a marble wand!
 The wand misses you.
 "Brudee!  Don't you leave without paying!"
 Dark Eery zaps a marble wand!
 The wand hits you!
 Dark Eery zaps a wand of striking!
 The wand misses you.
 Dark Eery zaps a wand of striking!
 The wand hits you!
 You die...
 Dark Eery takes all your possessions.
 Do you want to see what you had when you died? [ynq] (y) y
 Do you want to see your attributes? [ynq] (y) q

Inventory:
 Weapons  (')')
  l - 5 +0 arrows
  Q - 6 +0 darts
  R - a +0 battle-axe
 Armor    ('[')
  a - an uncursed +2 pair of leather gloves (being worn)
  S - an uncursed +0 pair of speed boots (being worn)
  b - a blessed +1 robe (being worn)
 Comestibles  ('%')
  s - 3 uncursed slime molds
  f - 6 uncursed apples
  e - 2 uncursed food rations
  h - 3 uncursed fortune cookies
  T - an uncursed melon
  g - 6 uncursed oranges
  N - an uncursed tripe ration
  o - 2 uncursed lichen corpses
 Scrolls  ('?')
  M - a blessed scroll of amnesia
  L - a cursed scroll of amnesia
  X - a cursed scroll of blank paper
  W - a blessed scroll of confuse monster
  c - an uncursed scroll of light
 Spellbooks  ('+')
  i - a blessed spellbook of healing
  U - an uncursed spellbook of healing
 Potions  ('!')
  G - 3 uncursed potions of healing
  d - 3 uncursed diluted potions of healing
  q - an uncursed potion of sickness
  p - an uncursed potion of sleeping
  n - a cursed potion of sleeping
  t - an uncursed potion of water
 Rings    ('=')
  u - an uncursed ring of levitation
  K - an uncursed ring of poison resistance
 Wands    ('/')
  j - a blessed wand of cancellation (0:7)
 Tools    ('(')
  r - an empty uncursed bag of holding
  v - an uncursed magic whistle
  Y - an uncursed skeleton key
  m - a cursed towel
 Gems/Stones  ('*')
  H - an uncursed amber stone
  I - an uncursed worthless piece of black glass
  F - an uncursed worthless piece of yellowish brown glass

Brudee the Monk's attributes:

Background:
 You were a Novice, a level 3 female human Monk.
 You were chaotic, nominally on a mission for Huan Ti
 who was opposed by Shan Lai Ching (lawful) and Chih Sung-tzu (neutral).
 You were right-handed.
 You were in the Dungeons of Doom, on level 7.
 You entered the dungeon 1903 turns ago.
 It was nighttime.
 There was a new moon in effect when your adventure ended.
 You had 67 experience points, 13 more were needed to attain level 4.
 Your score was 588 before end-of-game adjustments.

Basics:
 You had 0 out of 32 hit points.
 You had all 14 energy points (spell power).
 Your armor class was 3.
 Your wallet was empty.
 Autopickup was on for '$!=+?/"' plus thrown.

Final Characteristics:
 Your strength was 15 (limit:18/100).
 Your dexterity was 13 (limit:18).
 Your constitution was 15 (limit:18).
 Your intelligence was 9 (limit:18).
 Your wisdom was 15 (limit:18).
 Your charisma was 9 (limit:18).

Final Status:
 You weren't hungry.
 You were unencumbered.
 You were empty handed.
 You had basic skill with martial arts.

Final Attributes:
 You were devoutly aligned.
 You were sleep resistant.
 You were poison resistant.
 You saw invisible.
 You would have confused monsters when hitting them.
 You were invisible to others.
 You were guarded.
 Your spell casting was enhanced by wearing a robe.
 You were very fast.
 You are dead.

Miscellaneous:
 You didn't encounter any bones levels.
 Total elapsed playing time was 14 minutes and 57 seconds.

Major events:
 Turn
    1: Brudee the chaotic female human Monk entered the dungeon
  578: entered the Gnomish Mines
  848: attained the rank of Novice (level 3)
 1903: killed by a wand

Spells:
 Name                 Level Category     Fail Retention
 healing                1   healing        0%  91%-100%

Skills:
 Fighting Skills
   martial arts       [Basic]
 Weapon Skills
   quarterstaff       [Unskilled]
   spear              [Unskilled]
   crossbow           [Unskilled]
   shuriken           [Unskilled]
 Spellcasting Skills
   attack spells      [Unskilled]
   healing spells     [Basic]
   divination spells  [Unskilled]
   enchantment spells [Unskilled]
   clerical spells    [Unskilled]
   escape spells      [Unskilled]
   matter spells      [Unskilled]

Voluntary challenges:
 Character rerolling was not enabled.
 You followed a strict vegan diet.
 You were an atheist.
 You never hit with a wielded weapon.
 You never genocided any monsters.
 You never polymorphed an object.
 You never changed form.
 You used no wishes.
Achievements:
 You entered a shop.
 You entered the Gnomish Mines.
 You attained the rank of Novice.

 The Dungeons of Doom: levels 1 to 7
    Level 1:
       A fountain.
    Level 2:
       A general store.
    Level 3:
       Many fountains, a sink.
       Stairs down to The Gnomish Mines.
    Level 4:
    Level 5:
    Level 6:
    Level 7: <- You were here.
       A tool shop.
       Final resting place for
          you, killed by a wand.
 The Gnomish Mines:
    Level 4:


Vanquished creatures:
  a little dog
  2 kobold leaders
  a monkey
 an orc zombie
  a giant rat
  2 geckos
  2 jackals
  2 sewer rats
  2 grid bugs
  5 lichens
  a kobold zombie
  2 newts
22 creatures vanquished.

No species were genocided or became extinct.

Game over:
                       ----------
                      /          \
                     /    REST    \
                    /      IN      \
                   /     PEACE      \
                  /                  \
                  |      Brudee      |
                  |       0 Au       |
                  | killed by a wand |
                  |                  |
                  |                  |
                  |                  |
                  |       2026       |
                 *|     *  *  *      | *
        _________)/\\_//(\/(/\)/\//\/|_)_______

Goodbye Brudee the Monk...

You died in The Dungeons of Doom on dungeon level 7 with 588 points,
and 0 pieces of gold, after 1903 moves.
You were level 3 with a maximum of 32 hit points when you died.

